 Dungeon Crawl Stone Soup version 0.26-a0-958-gf3041fb45f (webtiles) character file.

Game seed: 15619793692033236539

8612 miscthings the Frost Mage (level 11, -2/78 HPs)
             Began as a Mummy Ice Elementalist on Dec 1, 2020.
             Was an Initiate of Gozag.
             Slain by a centaur warrior (4 damage)
             ... on level 11 of the Dungeon.
             The game lasted 00:27:14 (9741 turns).

miscthings the Frost Mage (Mummy Ice Elementalist)  Turns: 9741, Time: 00:27:15

Health: -2/78      AC: 13    Str: 13    XL:     11   Next: 12%
Magic:  17/22      EV: 14    Int: 21    God:    Gozag
Gold:   1473       SH: 10    Dex: 16    Spells: 14/25 levels left

rFire    . . .     SeeInvis +   z - +10 falchion of Olenlibb {vamp, MP-9 Int+4 Dex+4 SInv}
rCold    + . .     Faith    .   n - +0 buckler
rNeg     + + +     Spirit   .   B - +0 robe {rF+}
rPois    ∞         Reflect  +   o - +2 hat
rElec    .         Harm     .   (no cloak)
rCorr    .         Rampage  .   (no gloves)
MR       +....                  f - +0 pair of boots
Stlth    ++........             j - amulet of reflection
HPRegen  0.23/turn              g - +4 ring of slaying
MPRegen  0.18/turn              h - ring of magical power

@: icy armour, frozen ramparts
A: no potions, fire vulnerability, cold resistance 1, negative energy resistance
3, torment resistance, unbreathing
a: Potion Petition, Call Merchant, Bribe Branch, Renounce Religion


You were on level 11 of the Dungeon.
You worshipped Gozag.
Gozag was most pleased with you.
You visited 2 branches of the dungeon, and saw 12 of its levels.
You also visited: Sewer.

You collected 1955 gold pieces.
You spent 297 gold pieces at shops.
You paid 185 gold pieces to Gozag.

Inventory:

Hand Weapons
 z - the +10 falchion of Olenlibb (weapon) {vamp, MP-9 Int+4 Dex+4 SInv}
   (You bought it in a shop on level 7 of the Dungeon)

   It inflicts no extra harm, but heals its wielder when it wounds a living foe.
   It affects your intelligence (+4).
   It affects your dexterity (+4).
   It affects your magic capacity (-9).
   It lets you see invisible.
Armour
 f - a +0 pair of boots (worn)
 k - a +1 ring mail of fire resistance
 n - a +0 buckler (worn)
 o - a +2 hat (worn)
 B - a +0 robe of fire resistance (worn)
Jewellery
 b - an uncursed ring of protection from fire
 g - a +4 ring of slaying (left hand)
 h - a ring of magical power (right hand)
 j - an amulet of reflection (around neck)
 p - an uncursed ring of resist corrosion
 r - a +6 ring of strength
Wands
 t - a wand of disintegration (20)
 u - a wand of flame (29)
 v - a wand of digging (6)
 w - a wand of acid (9)
Scrolls
 c - 2 scrolls of magic mapping
 d - 5 scrolls of remove curse
 e - a scroll of fear
 i - 3 scrolls of enchant armour
 l - a scroll of immolation
 m - 6 scrolls of teleportation
 q - 5 scrolls of amnesia
 s - a scroll of enchant weapon
 x - 2 scrolls of fog
 y - 4 scrolls of identify {@r1}
 A - a scroll of blinking {unknown}
Miscellaneous
 a - a condenser vane


   Skills:
 + Level 4.4 Fighting
 + Level 3.6 Long Blades
 + Level 3.6 Armour
 + Level 4.3 Dodging
 - Level 1.5 Stealth
 - Level 4.0 Shields
 + Level 7.5 Spellcasting
 - Level 5.0 Summonings
 - Level 8.0 Ice Magic
 * Level 5.2 Evocations


You had 14 spell levels left.
You knew the following spells:

 Your Spells              Type           Power        Failure   Level
a - Frozen Ramparts       Ice            #####.       1%          3
b - Freeze                Ice            ####         1%          1
d - Summon Ice Beast      Ice/Summ       #####...     6%          4
e - Ozocubu's Armour      Ice            #####...     1%          3

Your spell library contained the following spells:

 Spells                   Type           Power        Failure   Level
 Call Imp                 Summ           ####....     1%          2
 Magic Dart               Conj           #...         9%          1
 Blink                    Tloc           N/A          13%         2
 Slow                     Hex            #.......     13%         2
 Hailstorm                Conj/Ice       ###.....     16%         4
 Conjure Flame            Conj/Fire      #.......     26%         3
 Mephitic Cloud           Conj/Pois/Air  #.......     26%         3


Dungeon Overview and Level Annotations

Branches:
Dungeon (11/15)            Temple (1/1) D:7            Lair (0/6) D:11
    Orc (0/2) D:10          Sewer (visited)

Altars:
Ashenzari
Cheibriados
Dithmenos
Elyvilon
Fedhas
Gozag
Hepliaklqana
Kikubaaqudgha
Makhleb
Nemelex Xobeh
Okawaru
Qazlal
Ru
Sif Muna
Trog
Uskayaw
Vehumet
Wu Jian
Xom
Yredelemnul
Zin
The Shining One

Shops:
D:6 ::=   D:7 (?


Innate Abilities, Weirdness & Mutations

You do not drink.
Your flesh is vulnerable to fire.
You are immune to poison.
Your flesh is cold resistant. (rC+)
You are immune to negative energy. (rN+++)
You are immune to unholy pain and torment.
You can survive without breathing.


Message History

The centaur warrior hits you but does no damage.
You barely miss the centaur warrior.
The centaur warrior is moderately wounded.
The wall freezes the centaur warrior.
The centaur warrior hits you!
* * * LOW HITPOINT WARNING * * *
The wall freezes the centaur warrior.
The centaur warrior misses you.
Casting: Frozen Ramparts (safe; 1% risk of failure)
Confirm with . or Enter, or press ? or * to list all spells.
A film of ice covers your body!
The wall freezes the centaur warrior.
The centaur warrior hits you!
* * * LOW HITPOINT WARNING * * *
Evoke which item? (* to show all) (? for menu, Esc to quit)
Aiming: Disintegrate
Press: ? - help, Shift-Dir - straight line, f - centaur warrior
Aim: a centaur warrior, quivering 23 arrows (heavily wounded, chance to defeat MR: 69%)
The centaur warrior is blasted!
The wall freezes the centaur warrior.
The centaur warrior hits you but does no damage.
The wall freezes the centaur warrior.
The centaur warrior hits you.
You die...
Your body crumbles into a pile of gold.

.. .# .. .##
.. #..####
.###.......
.#.......#
##. .!....#
.. #...# .#
##@c.# #.
###(##.#
#.###..## ..
#.###......#
...
#....(...##
##.
#.###<.##
#........#
#....####..
#....##


You could see a centaur warrior.

Vanquished Creatures
  A cyclops (D:10)
  A centaur skeleton (D:10)
  2 shadows (D:10)
  A yak (D:10)
  2 wraiths (D:10)
  A black bear (D:10)
  3 orc warriors
  An ice beast (D:10)
  3 sky beasts
  Purgy (Sewer)
  3 ogres
  A phantom (D:10)
  The ghost of Demosthentine the Shield-Bearer, an amateur FoFi (D:3)
  3 centaurs
  A big kobold (D:10)
  2 bullfrogs
  A gnoll sergeant (D:7)
  3 scorpions
  12 killer bees
  A troll zombie (D:10)
  10 wights
  2 howler monkeys (D:8)
  2 jellies
  A bullfrog zombie (D:5)
  A centaur zombie (D:5)
  5 hounds
  15 orc wizards
  7 orc priests
  Ijyb (D:3)
  2 bullfrog skeletons
  2 iguanas
  4 worker ants
  6 ogre zombies (D:10)
  A hound zombie (D:9)
  A hound skeleton (D:10)
  Robin (D:3)
  3 worker ant zombies
  15 adders
  5 gnolls (D:7)
  2 shadow imps (D:6)
  5 white imps
  6 ufetubi
  2 oozes
  2 adder zombies
  An adder skeleton (D:4)
  5 worms
  A dart slug (D:4)
  4 leopard geckos
  27 orcs
  6 bats
  7 giant cockroaches
  16 goblins
  7 hobgoblins
  9 jackals
  18 kobolds
  A quokka (D:9)
  A ball python (D:2)
  5 frilled lizards
  3 goblin skeletons (D:10)
  A goblin zombie (D:10)
  A hobgoblin skeleton (D:10)
  3 hobgoblin zombies (D:10)
  2 jackal skeletons
  2 orc skeletons (D:10)
  8 orc zombies (D:10)
  A quokka zombie (D:5)
  9 rats
283 creatures vanquished.

Vanquished Creatures (collateral kills)
  Snorg (D:10)
  Erolcha (D:10)
  Joseph (D:8)
  A gargoyle (D:10)
  The ghost of Demosthentine the Shield-Bearer, a novice FoFi (D:4)
  Grinder (D:3)
  2 yaks (D:10)
  3 bullfrogs
  A troll zombie (D:10)
  3 killer bees
  A howler monkey (D:8)
  A hound (D:8)
  An orc priest (D:8)
  2 orc wizards
  2 shadow imps
  A worm (D:5)
  4 orcs
  A jackal (D:10)
  2 goblin skeletons (D:10)
  2 orc skeletons (D:10)
  3 orc zombies (D:10)
35 creatures vanquished.

Vanquished Creatures (others)
  9 plants (D:11)
9 creatures vanquished.

Grand Total: 327 creatures vanquished

Notes
Turn   | Place    | Note
-------+----------+-------------------------------------------
     0 | D:1      | miscthings the Mummy Ice Elementalist began the quest for
                  | the Orb.
     0 | D:1      | Reached XP level 1. HP: 13/13 MP: 4/4
   284 | D:1      | Reached XP level 2. HP: 9/19 MP: 3/5
   767 | D:2      | Reached XP level 3. HP: 20/24 MP: 5/7
   771 | D:2      | Learned a level 3 spell: Frozen Ramparts
   896 | D:2      | Reached skill level 4 in Ice Magic
  1325 | D:2      | Reached XP level 4. HP: 16/30 MP: 6/10
  1332 | D:2      | Found a shadowy altar of Dithmenos.
  1631 | D:3      | Noticed Grinder
  1660 | D:3      | Paralysed by Grinder for 3 turns
  1666 | D:3      | Paralysed by Grinder for 3 turns
  1742 | D:3      | Found a runed translucent gate.
  1742 | D:3      | Found a runed translucent gate.
  1742 | D:3      | Found a runed translucent gate.
  1743 | D:3      | Noticed Demosthentine's ghost (amateur FoFi)
  1771 | D:3      | Killed Demosthentine's ghost
  1772 | D:3      | Reached skill level 5 in Spellcasting
  1772 | D:3      | Reached XP level 5. HP: 22/35 MP: 6/12
  1887 | D:3      | Paralysed by Grinder for 7 turns
  1901 | D:3      | Paralysed by Grinder for 7 turns
  1916 | D:3      | Paralysed by Grinder for 4 turns
  2202 | D:3      | Learned a level 4 spell: Summon Ice Beast
  2227 | D:3      | Reached skill level 1 in Summonings
  2525 | D:4      | Found a blossoming altar of Fedhas.
  2541 | D:4      | Found a glowing drain.
  2561 | D:4      | Reached XP level 6. HP: 22/41 MP: 8/13
  2601 | Sewer    | Entered a sewer
  2615 | Sewer    | Learned a level 3 spell: Ozocubu's Armour
  2701 | Sewer    | Noticed Purgy
  2707 | Sewer    | Killed Purgy
  2834 | D:4      | Reached skill level 5 in Ice Magic
  3015 | D:4      | Reached XP level 7. HP: 45/46 MP: 9/14
  3083 | D:5      | Entered Level 5 of the Dungeon
  4105 | D:6      | Found Kisul's Jewellery Shop.
  4113 | D:6      | Reached skill level 5 in Summonings
  4113 | D:6      | Reached XP level 8. HP: 36/52 MP: 15/15
  4237 | D:6      | Found Qel Ommi's Book Emporium.
  4321 | D:6      | Found Poxzut's Book Boutique.
  4359 | D:6      | Reached skill level 6 in Ice Magic
  4741 | D:7      | Found Haaps's Antique Weapon Shoppe.
  4750 | D:7      | Bought an ichor-stained falchion for 248 gold pieces
  4750 | D:7      | Identified the +10 falchion of Olenlibb {vamp, MP-9 Int+4
                  | Dex+4 SInv} (You bought it in a shop on level 7 of the
                  | Dungeon)
  4796 | D:7      | Reached skill level 7 in Ice Magic
  4951 | D:7      | Found a staircase to the Ecumenical Temple.
  4959 | D:7      | Reached skill level 8 in Ice Magic
  4977 | Temple   | Entered the Ecumenical Temple
  5267 | D:4      | Found a shimmering blue altar of Sif Muna.
  5321 | D:3      | Noticed Ijyb
  5340 | D:3      | Killed Ijyb
  5376 | D:3      | Paralysed by Grinder for 4 turns
  5380 | D:3      | Killed Grinder
  5381 | D:3      | Reached skill level 1 in Shields
  5381 | D:3      | Reached skill level 1 in Evocations
  5381 | D:3      | Reached XP level 9. HP: 50/58 MP: 8/17
  5468 | D:3      | Found an iron altar of Okawaru.
  5470 | D:3      | Found an opulent altar of Gozag.
  5473 | D:3      | Found a stormy altar of Qazlal.
  5473 | D:3      | Found a glowing silver altar of Zin.
  5473 | D:3      | Found a white marble altar of Elyvilon.
  5474 | D:3      | Found a burning altar of Makhleb.
  5474 | D:3      | Found an ornate altar of the Wu Jian Council.
  5475 | D:3      | Found a basalt altar of Yredelemnul.
  5480 | D:3      | Became a worshipper of Gozag Ym Sagoz the Greedy
  5493 | D:3      | Noticed Robin
  5506 | D:3      | Killed Robin
  5723 | D:3      | You fall into a shaft and drop 1 floor!
  5931 | D:4      | Found a runed translucent door.
  5932 | D:4      | Noticed Demosthentine's ghost (novice FoFi)
  6172 | D:4      | Reached skill level 1 in Fighting
  6256 | D:4      | Reached skill level 1 in Long Blades
  6572 | D:4      | Killed Demosthentine's ghost
  6573 | D:4      | Reached skill level 1 in Armour
  6874 | D:7      | Found Myikh's Magic Scroll Shop.
  6882 | D:7      | Bought a scroll of fear for 49 gold pieces
  7036 | D:7      | Found a shimmering blue altar of Sif Muna.
  7138 | D:8      | Noticed Joseph
  7152 | D:8      | Killed Joseph
  7875 | D:9      | Reached XP level 10. HP: 27/68 MP: 10/19
  8105 | D:9      | Found a broken altar of Ashenzari.
  8522 | D:10     | Entered Level 10 of the Dungeon
  8522 | D:10     | Noticed Erolcha
  8534 | D:10     | Killed Erolcha
  8609 | D:10     | Noticed Snorg
  8692 | D:10     | Noticed a gargoyle
  8699 | D:10     | Killed a gargoyle
  8700 | D:10     | Killed Snorg
  9151 | D:10     | Noticed a cyclops
  9174 | D:10     | Killed a cyclops
  9217 | D:10     | Reached skill level 5 in Evocations
  9238 | D:10     | Reached XP level 11. HP: 76/77 MP: 10/22
  9411 | D:10     | Found a staircase to the Orcish Mines.
  9700 | D:11     | Found a staircase to the Lair.
  9700 | D:11     | Noticed a boulder beetle
  9700 | D:11     | Noticed a skeletal warrior
  9700 | D:11     | Noticed a skeletal warrior
  9700 | D:11     | Noticed a skeletal warrior
  9730 | D:11     | Noticed a centaur warrior
  9732 | D:11     | Noticed a boulder beetle
  9740 | D:11     | HP: 2/78 [centaur warrior (9)]
  9741 | D:11     | Slain by a centaur warrior

Illustrated notes

Levels and vault maps discovered:
D:1:      giann_wishing_wells, layout_rooms, minmay_indecisive_spiral
D:2:      layout_loops_corners, marbit_many_paths,
          chequers_serial_rivers_large_b
D:3:      layout_loops_corners, grunt_temple_overflow_open,
          gammafunk_ghost_split, minmay_misc_feat_tiny,
          minmay_misc_feat_pillars, uniq_grinder, uniq_robin, uniq_ijyb
D:4:      cheibrodos_helix_gallery, layout_gridville,
          nicolae_overflow_hidden_temple, lemuel_round_altar, serial_forest,
          infiniplex_forest_clump_medium, infiniplex_forest_end_2,
          infiniplex_forest_lined_1, infiniplex_forest_end_double,
          infiniplex_forest_clump_C, infiniplex_forest_clump_diagonal,
          infiniplex_forest_end_3, infiniplex_forest_zigzag_1,
          infiniplex_forest_corner_2, infiniplex_forest_lined_3,
          gammafunk_ghost_grave, cheibrodos_sewer_entry_bend
D:5:      cheibrodos_fzero, layout_basic
D:6:      layout_gridville, serial_shops, shop, shop, kennysheep_little_box,
          hex_large
D:7:      layout_cave_pools, minmay_temple_entry_tees, serial_shops,
          nicolae_shop_waterfront, kennysheep_mini_moat,
          chequers_serial_rivers_micro_d, minivault_11, tgw_sif
D:8:      layout_rooms, uniq_joseph
D:9:      layout_stronghold, serial_glass, glass_columns_a, glass_columns_c,
          nicolae_ashenzari_panopticon
D:10:     layout_cave_pools, zombieorc2_lemuel, minmay_circle_x, uniq_snorg,
          uniq_erolcha
D:11:     layout_layer_cave, david_lair_shrubbed, basic_altar
Temple:   jpeg_temple_clearing

Skill      XL: |  1  2  3  4  5  6  7  8  9 10 |
---------------+-------------------------------+-----
Spellcasting   | 3 4 5 6 7 |  7.5
Ice Magic      | 4 5 8 |  8.0
Summonings     | 1 3 5 |  5.0
Shields        | 1 3 4 |  4.0
Evocations     | 1 3 5 |  5.2
Fighting       | 2 4 |  4.4
Dodging        | 2 4 |  4.3
Long Blades    | 2 3 |  3.6
Armour         | 2 3 |  3.6
Stealth        | |  1.5

Action                   |  1- 3 |  4- 6 |  7- 9 | 10-12 || total
-------------------------+-------+-------+-------+-------++-------
Melee: Short sword       |    25 |    56 |    98 |       ||   179
       Unarmed           |     1 |       |       |       ||     1
       Falchion          |       |       |    96 |   180 ||   276
 Cast: Freeze            |    36 |    15 |     2 |       ||    53
       Frozen Ramparts   |     7 |    22 |    48 |    14 ||    91
       Ozocubu's Armour  |       |     3 |     9 |    12 ||    24
       Summon Ice Beast  |       |       |    15 |    22 ||    37
Evoke: Wand              |       |       |     1 |     2 ||     3
  Use: Scroll            |       |     3 |    10 |       ||    13
 Stab: Sleeping          |     2 |     3 |     3 |       ||     8
       Distracted        |       |       |     1 |     1 ||     2
Armor: Robe              |    13 |    23 |    58 |    39 ||   133
Dodge: Dodged            |    48 |    56 |   120 |   104 ||   328
Block: Other             |       |       |    45 |       ||    45
       Reflection        |       |       |     4 |     4 ||     8
       Buckler           |       |       |    17 |   113 ||   130
       Rpst.: Falchion   |       |       |    11 |    23 ||    34

Table legend: (Time is in decaauts)
 A = Elapsed time spent in this place.
 B = Non-inter-level travel time spent in this place.
 C = Inter-level travel time spent in this place.
 D = Time resting spent in this place.
 E = Time spent auto-exploring this place.
 F = Levels seen in this place.
 G = Mean time per level.
                   A        B        C        D        E       F      G
               +--------+--------+--------+--------+--------+-----+--------+
         Total |   9853 |   9097 |    756 |   1492 |   4950 |  13 |  757.9 |
       Dungeon |   9559 |   8817 |    742 |   1409 |   4859 |  11 |  869.0 |
        Temple |     91 |     77 |     14 |      0 |     74 |   1 |   91.0 |
         Sewer |    203 |    203 |      0 |     83 |     17 |   1 |  203.0 |
               +--------+--------+--------+--------+--------+-----+--------+

Top non-repeatable levels by time:
     D:3: 1207 daAuts
     D:4: 1181 daAuts
     D:2: 1150 daAuts
    D:10: 1108 daAuts
     D:9: 1089 daAuts
     D:5: 1065 daAuts
     D:6: 838 daAuts
     D:1: 758 daAuts
     D:7: 681 daAuts
     D:8: 465 daAuts
   Sewer: 203 daAuts
  Temple: 91 daAuts
    D:11: 13 daAuts
